 Dungeon Crawl Stone Soup version 0.30-a0-576-g89cddaab80 (webtiles) character file.

Game seed: 15378035975758338880

56 Shayle the Conjurer (level 3, -1/28 HPs)
             Began as a Tengu Reaver on Dec 30, 2022.
             Succumbed to an adder's poison
             ... on level 2 of the Dungeon.
             The game lasted 00:03:20 (1503 turns).

Shayle the Conjurer (Tengu Reaver)                  Turns: 1503, Time: 00:03:21

Health: -1/28      AC:  5    Str: 12    XL:     3   Next: 95%
Magic:  7/7        EV: 12    Int: 15    God:
Gold:   83         SH:  0    Dex: 12    Spells: 5/6 levels left

rFire   . . .      SeeInvis .    a - +0 short sword
rCold   . . .      Faith    .    (no shield)
rNeg    . . .      Spirit   .    b - +0 leather armour
rPois   .          Reflect  .    (helmet restricted)
rElec   .          Harm     .    (no cloak)
rCorr   .          Rampage  .    m - +0 pair of gloves
Will    .....                    (boots unavailable) Stlth
                                 (no amulet)
HPRegen 0.24/turn                (no ring)
MPRegen 0.10/turn                (no ring)

@: berserking, lethally poisoned (-1 -> -8), very quick
A: beak, talons 3, frail 1, sense surroundings 1, shaggy fur 1
a: no special abilities


You were on level 2 of the Dungeon.
You visited 1 branch of the dungeon, and saw 2 of its levels.

You collected 83 gold pieces.

Inventory:

Hand Weapons
 a - a +0 short sword (weapon)
 i - a +0 falchion of holy wrath
Armour
 b - a +0 leather armour (worn)
 m - a +0 pair of gloves (worn)
Scrolls
 c - a scroll of teleportation {unknown}
 e - a scroll of identify {unknown}
 h - a scroll of amnesia {unknown}
Potions
 d - a potion of brilliance {unknown}
 f - a potion of might {unknown}
 k - a potion of curing {unknown}
 l - a potion of flight {unknown}


   Skills:
 + Level 2.6 Fighting
 + Level 3.8 Short Blades
 + Level 2.9 Dodging
 + Level 1.8 Stealth
 - Level 2.0 Spellcasting
 - Level 4.0 Conjurations


You had 5 spell levels left.
You knew the following spells:

 Your Spells              Type           Power      Damage    Failure   Level
a - Kiss of Death         Conj/Necr      28%        2d7       12%         1

Your spell library contained the following spells:

 Spells                   Type           Power      Damage    Failure   Level
 Momentum Strike          Conj/Tloc      14%        3d8       19%         2
 Hailstorm                Conj/Ice       7%         3d4       36%         3
 Leda's Liquefaction      Hex/Erth       0%         N/A       95%         4
 Lee's Rapid Deconstruct  Erth           0%         3d4*      100%        5
 Statue Form              Tmut/Erth      0%         N/A       100%        6


Dungeon Overview and Level Annotations

Branches:
Dungeon (2/15)

Altars:


Innate Abilities, Weirdness & Mutations

You have a beak for a mouth.
You have claws for feet.
You are frail. (-10% HP)
You passively map a small area around you.
You are covered in fur. (AC +1)


Message History

You see here a +0 dagger.
An adder comes into view.
The adder hisses angrily.
The adder bites you.
You are poisoned.
The adder poisons you!
You hit the adder but do no damage. You claw the adder!
The adder is severely wounded.
You feel sick. The adder misses you.
You closely miss the adder. Your kick misses the adder.
Your peck misses the adder.
The adder is severely wounded.
You feel sick. The adder bites you.
You are more poisoned.
The adder poisons you!
You barely miss the adder.
The adder is heavily wounded.
You feel sick. The adder closely misses you. The adder bites you.
You are lethally poisoned!
The adder poisons you!
You hit the adder but do no damage. Your kick misses the adder.
The adder is heavily wounded.
You feel very sick. The adder bites you but does no damage.
You barely miss the adder. Your kick misses the adder.
The adder is heavily wounded.
* * * LOW HITPOINT WARNING * * *
You feel very sick. The adder bites you.
* * * LOW HITPOINT WARNING * * *
It was a potion of mutation.
You feel extremely strange. Fur sprouts all over your body.
You feel frail.
You feel a strange attunement to the structure of the dungeons.
* * * LOW HITPOINT WARNING * * *
You feel very sick. The adder bites you but does no damage.
It was a potion of berserk rage.
A red film seems to cover your vision as you go berserk!
You feel yourself moving faster!
You feel mighty!
You die...

#.#.###.###.#.##.#
#.# #.. # #.# #.#
#.#.##.# #.# ##.
#.###.###.#.##.#
#.###.#
#.))......#.##.#
#....##
#####...#...##.#
#####.# ###.#
###.# ####. * #.#
.# * ..... ##.#..#
.#### #.@...# #
,......S#...# * .
######.,.#.# * ##
## ##.#* , # . # *
, **.* . * .# # *
, *


You could see an adder.

Vanquished Creatures
  An adder (D:2)
  A worm (D:2)
  4 ball pythons
  4 bats
  2 endoplasms
  10 giant cockroaches (D:2)
  6 goblins
  2 hobgoblins (D:2)
  2 kobolds (D:2)
  A quokka (D:1)
  2 frilled lizards (D:2)
  5 rats
40 creatures vanquished.

Notes
Turn   | Place    | Note
-------+----------+-------------------------------------------
     0 | D:1      | Shayle the Tengu Reaver began the quest for the Orb.
     0 | D:1      | Reached XP level 1. HP: 12/12 MP: 4/4
   403 | D:1      | Reached XP level 2. HP: 15/17 MP: 6/6
   943 | D:2      | Reached skill level 1 in Stealth
   977 | D:2      | Reached XP level 3. HP: 10/22 MP: 7/7
  1502 | D:2      | Gained mutation: You are covered in fur. (AC +1) [potion of
                  | mutation]
  1502 | D:2      | Gained mutation: You are frail. (-10% HP) [potion of
                  | mutation]
  1502 | D:2      | Gained mutation: You passively map a small area around you.
                  | [potion of mutation]
  1503 | D:2      | Succumbed to an adder's poison

Illustrated notes

Levels and vault maps discovered:
D:1:      minmay_arrival_nine_rooms, layout_basic
D:2:      minmay_roachtagon, layout_loops_ring, grunt_ministairs_6

Skill      XL: |  1  2 |
---------------+-------+-----
Stealth        | 1 |  1.8
Fighting       | |  2.6
Short Blades   | |  3.8
Dodging        | |  2.9
Spellcasting   | |  2.0
Conjurations   | |  4.0

Action                   || total
-------------------------++-------
Melee: Short sword       ||   116
       Kick              ||    30
       Peck              ||    16
  Use: Potion            ||     2
 Stab: Sleeping          ||     2
Armor: Leather armour    ||    34
Dodge: Dodged            ||    52

Table legend: (Time is in decaauts)
 A = Elapsed time spent in this place.
 B = Non-inter-level travel time spent in this place.
 C = Inter-level travel time spent in this place.
 D = Time resting spent in this place.
 E = Time spent auto-exploring this place.
 F = Levels seen in this place.
 G = Mean time per level.
                   A        B        C        D        E       F      G
               +--------+--------+--------+--------+--------+-----+--------+
         Total |   1481 |   1450 |     31 |     80 |   1023 |   2 |  740.5 |
       Dungeon |   1481 |   1450 |     31 |     80 |   1023 |   2 |  740.5 |
               +--------+--------+--------+--------+--------+-----+--------+

Top non-repeatable levels by time:
     D:1: 924 daAuts
     D:2: 556 daAuts
